 Dungeon Crawl Stone Soup version 0.16.1-11-g651b585 (webtiles) character file.

7 Ryushun the Grave Robber (level 2, -1/16 (20) HPs)
             Began as a Formicid Necromancer on Apr 1, 2015.
             Slain by a jackal (2 damage)
             ... on level 1 of the Dungeon.
             The game lasted 00:02:20 (817 turns).

Ryushun the Grave Robber (Formicid Necromancer)      Turns: 817, Time: 00:02:20

HP:   -1/16 (20)    AC:  2    Str: 12    XL:     2   Next: 10%
MP:   1/5           EV: 12    Int: 14    God:
Gold: 9             SH:  0    Dex: 11    Spells: 2 memorised, 3 levels left

rFire  . . .     SeeInvis +     e - +0 club
rCold  . . .     Clarity  .     a - +0 robe
rNeg   . . .     SustAb   .     (no shield)
rPois  .         Gourm    .     (helmet unavailable)
rElec  .         Spirit   .     (no cloak)
rCorr  .         Warding  .     (no gloves)
rMut   .         Stasis   +     (no boots)
MR     .....                    (no amulet)
Stlth  ++........               (no ring)
                                (no ring)

@: not resistant to hostile enchantments, unstealthy
A: permanent stasis, dig shafts and tunnels, four strong arms, antennae 3
a: Dig, Shaft Self


You were on level 1 of the Dungeon.
You were not hungry.

You visited 1 branch of the dungeon, and saw 1 of its levels.

You collected 9 gold pieces.

Inventory:

Hand weapons
 e - a +0 club (weapon)
Missiles
 g - a stone (quivered)
Armour
 a - a +0 robe (worn)
Potions
 f - a potion of decay
Books
 b - a book of Necromancy

   Spells                             Type                      Level
   a - Pain                           Necromancy                   1
   b - Animate Skeleton               Necromancy                   1
   c - Vampiric Draining              Necromancy                   3
   d - Regeneration                   Charms/Necromancy            3
   e - Animate Dead                   Necromancy                   4
   f - Control Undead                 Necromancy                   4
Comestibles
 c - a bread ration
 d - a meat ration


   Skills:
 * Level 0.7 Fighting
 * Level 0.2 Maces & Flails
 * Level 0.2 Armour
 + Level 1.9 Dodging
 + Level 2.6 Stealth
 + Level 2.1 Spellcasting
 + Level 4.0 Necromancy


You had 3 spell levels left.
You knew the following spells:

 Your Spells              Type           Power        Failure   Level  Hunger
a - Pain                  Necr           ##..         4%          1    #......
b - Animate Skeleton      Necr           N/A          4%          1    #......


Dungeon Overview and Level Annotations

Branches:
Dungeon (1/15)

Altars:


Innate Abilities, Weirdness & Mutations

You are under a permanent stasis effect.
You can dig through walls and to a lower floor.
Your four strong arms can wield two-handed weapons with a shield.
You have a pair of large antennae on your head (SInv).


Message History

The jackal bites you.
* * * LOW HITPOINT WARNING * * *
The jackal misses you.
Your jackal skeleton bites the jackal but does no damage.
You closely miss the jackal.
The jackal is severely wounded.
The jackal misses you. The jackal closely misses you.
Your jackal skeleton closely misses the jackal.
The jackal bites you but does no damage.
The jackal bites you.
* * * LOW HITPOINT WARNING * * *
It was a potion of decay.
You feel your flesh rotting away!
Your jackal skeleton bites the jackal but does no damage.
The jackal completely misses you. The jackal misses you.
You closely miss the jackal.
The jackal is severely wounded.
Your jackal skeleton bites the jackal.
The jackal barely misses you. The jackal bites you.
You die...

###### #....#
############....####
....................
##.#########....####
#......#####....#
######......'...'....#
........@h..#####....#
........†h)..#.Z.....#
.........Z...#.#.....#
..............#.....#
.....#.##.#####%....#
.....#.##...........#
....#.#########....#
..................###
#.......########.#


You could see 2 jackals and a friendly jackal skeleton.

Vanquished Creatures
  A giant cockroach (D:1)
  2 jackals (D:1)
  2 kobolds (D:1)
5 creatures vanquished.

Vanquished Creatures (collateral kills)
  A goblin (D:1)
  A rat (D:1)
2 creatures vanquished.

Vanquished Creatures (others)
  2 kobold skeletons (D:1)
2 creatures vanquished.

Grand Total: 9 creatures vanquished

Notes
Turn   | Place    | Note
--------------------------------------------------------------
     0 | D:1      | Ryushun, the Formicid Necromancer, began the quest for the Orb.
     0 | D:1      | Reached XP level 1. HP: 13/13 MP: 3/3
    14 | D:1      | Learned a level 1 spell: Animate Skeleton
   808 | D:1      | Reached XP level 2. HP: 12/20 MP: 1/5
   815 | D:1      | HP: 1/20 [jackal (2)]
   817 | D:1      | Slain by a jackal

Action                   || total
-------------------------++-------
Melee: Unarmed           ||    19
       Club              ||     9
 Cast: Pain              ||     9
       Animate Skeleton  ||     3
  Use: Potion            ||     1
 Stab: Sleeping          ||     1
